Carnivores vs Patriotes
Created - October 13, 2018 at 23:33
Goals
|
Carnivores |
1 |
2 |
1 |
4 |
Patriotes |
2 |
1 |
3 |
6 |
|
Shots
|
Carnivores |
6 |
11 |
19 |
36 |
Patriotes |
12 |
8 |
17 |
37 |
|
1st period
1. Patriotes , Jared Knight 1 (Dillon Heatherington 1, Shea Theodore 1) at 5:47
2. Carnivores , Jeremy Welsh 1 (Mark McNeill 1, Nate Schmidt 1) at 14:02
3. Patriotes , Christian Hanson 1 (Vince Hinostroza 1, Timothy Kunes 1) at 14:57
Penalties :
Markus Granlund (Bre) for Interference (Minor) at 3:20
2nd period
4. Patriotes , Anthony Bitetto 1 (Timothy Kunes 2, Evgeny Kuznetsov 1) at 1:15 (PP)
5. Carnivores , Chris Lawrence 1 (Nate Schmidt 2, Mat Clark 1) at 1:31
6. Carnivores , Scott Laughton 1 (Chris Lawrence 1, Blake Geoffrion 1) at 6:48 (PP)
Penalties :
Adam Almquist (Bre) for Hooking (Minor) at 0:50, Tyler Randell (Nyc) for Holding (Minor) at 6:36, Nicolas Kerdiles (Bre) for High sticking (Double Minor) at 8:19, Mark McNeill (Bre) for Hooking (Minor) at 15:45
3rd period
7. Patriotes , Evgeny Kuznetsov 1 (Aaron Ness 1) at 1:53 (SH)
8. Carnivores , Nikita Alexeev 1 (Hunter Shinkaruk 1) at 12:55
9. Patriotes , Emerson Etem 1 (Aleksander Barkov 1, Aaron Ness 2) at 14:49
10. Patriotes , Christian Hanson 2 (Timothy Kunes 3) at 18:43 (Empty Net)
Penalties :
Timothy Kunes (Nyc) for Goalie Interference (Minor) at 0:59, Timothy Kunes (Nyc) for Slashing (Minor) at 3:11, Nate Schmidt (Bre) for Interference (Minor) at 6:39
Goalie Stats
Niklas Svedberg (Bre), 31 saves from 36 shots - (0.861), L, 0-1-0, 59:46 minutes
Andrei Vasilevskiy (Nyc), 32 saves from 36 shots - (0.889), W, 1-0-0, 60:00 minutes
Players Stats for Carnivores
Player Name G A P +/- PIM S H SB GA TA FO MP PP MP PK MP
------------------------------------------------------------------------------------
Adam Almquist 0 0 0 -1 2 0 0 0 0 0 0/0 6:21 0:00 0:29
Blake Geoffrion 0 1 1 0 0 2 1 0 0 0 0/1 17:59 2:15 0:00
Chris Lawrence 1 1 2 0 0 6 1 2 1 0 3/4 20:45 2:15 2:45
Curtis Lazar 0 0 0 -1 0 0 0 0 0 0 0/0 2:01 1:55 0:00
David Schlemko 0 0 0 -1 0 0 0 0 0 0 0/0 5:18 0:00 0:00
Frederik Gauthier 0 0 0 0 0 0 0 1 0 1 3/6 9:16 0:00 2:45
Hunter Shinkaruk 0 1 1 0 0 0 1 0 0 0 0/0 7:49 0:00 1:14
Jeremy Welsh 1 0 1 -1 0 2 1 0 0 0 0/0 10:37 0:00 0:00
Jeremy Williams 0 0 0 0 0 4 1 0 1 0 0/0 6:30 0:00 0:00
Josh Manson 0 0 0 -2 0 1 2 0 0 0 0/0 14:26 1:11 0:00
Mark McNeill 0 1 1 -1 2 0 0 1 0 1 2/3 16:02 0:00 4:48
Markus Granlund 0 0 0 -1 2 1 3 0 0 0 9/24 18:25 1:55 0:37
Mat Clark 0 1 1 1 0 3 2 2 1 1 0/0 27:30 2:59 6:26
Mattias Backman 0 0 0 0 0 0 0 1 0 0 0/0 10:05 0:00 1:19
Nate Schmidt 0 2 2 1 2 1 2 1 1 1 0/0 25:43 2:59 4:54
Nicolas Kerdiles 0 0 0 0 4 1 0 0 0 0 1/1 12:40 0:00 0:47
Nikita Alexeev 1 0 1 -1 0 8 0 0 1 0 0/0 13:54 1:55 0:00
Sasha Pokulok 0 0 0 0 0 1 1 1 0 1 0/0 12:46 0:00 3:55
Scott Laughton 1 0 1 0 0 1 1 0 0 1 10/15 16:57 2:15 2:15
T.J Brodie 0 0 0 -2 0 2 1 3 1 1 0/0 18:10 1:11 3:39
Zack Smith 0 0 0 -1 0 3 0 0 0 0 11/18 16:20 0:00 5:31
Players Stats for Patriotes
Player Name G A P +/- PIM S H SB GA TA FO MP PP MP PK MP
------------------------------------------------------------------------------------
Aaron Ness 0 2 2 1 0 1 2 2 0 3 0/0 19:31 3:41 1:18
Aleksander Barkov 0 1 1 -1 0 2 1 1 0 0 8/14 18:00 3:45 2:51
Anthony Bitetto 1 0 1 1 0 3 0 2 3 0 0/0 29:58 6:40 2:52
Austin Watson 0 0 0 1 0 0 0 0 0 0 0/0 7:50 0:45 0:00
Borna Rendulic 0 0 0 2 0 2 1 0 0 0 1/1 11:57 0:56 0:00
Christian Hanson 2 0 2 2 0 4 1 2 0 0 3/10 11:19 0:23 0:00
Dale Weise 0 0 0 1 0 2 0 0 0 0 0/0 7:11 0:00 0:00
David Kolomatis 0 0 0 1 0 0 0 1 0 0 0/0 19:31 3:41 1:18
Dillon Heatherington 0 1 1 0 0 1 0 0 0 0 0/0 13:39 0:00 2:40
Emerson Etem 1 0 1 -1 0 2 2 1 0 1 0/1 15:09 3:45 0:00
Evgeny Kuznetsov 1 1 2 0 0 4 2 1 1 0 14/36 22:23 5:39 1:13
Jared Knight 1 0 1 1 0 1 1 0 1 0 5/6 7:51 0:00 0:18
Jason Zucker 0 0 0 0 0 8 1 0 0 1 0/1 23:04 5:41 1:19
Justin Florek 0 0 0 -1 0 1 1 0 0 0 1/1 15:09 3:45 0:00
Shea Theodore 0 1 1 0 0 0 1 0 0 0 0/0 10:31 0:00 0:00
Timothy Kunes 0 3 3 1 4 3 4 3 1 0 0/0 27:16 6:40 0:12
Tyler Randell 0 0 0 -1 2 3 1 0 1 0 1/2 23:40 5:37 2:39
Vince Hinostroza 0 1 1 2 0 0 2 2 0 1 0/0 11:48 0:47 0:00
3 Stars
1 - Christian Hanson (Nyc)
2 - Evgeny Kuznetsov (Nyc)
3 - Timothy Kunes (Nyc)
Power Play
Carnivores - 1 on 3 Attempt(s) - 33.33%
Patriotes - 1 on 6 Attempt(s) - 16.67%
Penalty Kill
Carnivores - 5 on 6 Attempt(s) - 83.33%
- Score 0 goal in Penalty Kill
Patriotes - 2 on 3 Attempt(s) - 66.67%
- Score 1 goal in Penalty Kill
Team Stat
Carnivores - Hits : 17 - Faceoff Wins : 39 - Blocked Shots : 12 - Penalty Minutes : 12
Patriotes - Hits : 20 - Faceoff Wins : 33 - Blocked Shots : 15 - Penalty Minutes : 6
Official
Referees : Unknown
Linesman : Unknown
Game Notes
Christian Hanson has scored in a empty net!
Finance
Level 1 -- Attendance: 1541 (77.05%) -- Ticket Income $61,640
Level 2 -- Attendance: 812 (81.20%) -- Ticket Income $16,240
Total Attendance: 2353 (78.43%)
Total Ticket Income: $77,880
Other Income: $3,894
Total Income: $81,774
Carnivores
5 vs 5 Forward
Center Left Wing Right Wing Time % Phy DF OF
1 Markus Granlund Blake Geoffrion Chris Lawrence 40 1 2 2
2 Scott Laughton Nicolas Kerdiles Nikita Alexeev 30 1 2 2
3 Zack Smith Jeremy Welsh Mark McNeill 20 1 2 2
4 Frederik Gauthier Hunter Shinkaruk Jeremy Williams 10 1 2 2
5 vs 5 Defense
Defense Defense Time % Phy DF OF
1 Mat Clark Nate Schmidt 40 1 2 2
2 T.J Brodie Josh Manson 30 1 2 2
3 Sasha Pokulok Mattias Backman 20 1 2 2
4 Adam Almquist David Schlemko 10 1 2 2
PowerPlay Forward
Center Left Wing Right Wing Time % Phy DF OF
1 Scott Laughton Blake Geoffrion Chris Lawrence 60 1 2 2
2 Markus Granlund Curtis Lazar Nikita Alexeev 40 1 2 2
PowerPlay Defense
Defense Defense Time % Phy DF OF
1 Mat Clark Nate Schmidt 60 1 2 2
2 T.J Brodie Josh Manson 40 1 2 2
Penalty Kill 4 Players Forward
Center Wing Time % Phy DF OF
1 Zack Smith Mark McNeill 60 1 2 2
2 Frederik Gauthier Chris Lawrence 40 1 2 2
Penalty Kill 4 Players Defense
Defense Defense Time % Phy DF OF
1 Mat Clark Nate Schmidt 60 1 2 2
2 T.J Brodie Sasha Pokulok 40 1 2 2
Penalty Kill - 3 Players Forward
Forward Time % Phy DF OF
1 Chris Lawrence 60 1 2 2
2 Frederik Gauthier 40 1 2 2
Penalty Kill - 3 Players Defense
Defense Defense Time % Phy DF OF
1 Mat Clark Nate Schmidt 60 1 2 2
2 T.J Brodie Sasha Pokulok 40 1 2 2
4 vs 4 Forward
Center Wing Time % Phy DF OF
1 Blake Geoffrion Chris Lawrence 60 1 2 2
2 Scott Laughton Nikita Alexeev 40 1 2 2
4 vs 4 Defense
Defense Defense Time % Phy DF OF
1 Mat Clark Nate Schmidt 60 1 2 2
2 T.J Brodie Sasha Pokulok 40 1 2 2
Last Minutes Offensive
Center Left Wing Right Wing Defense Defense
Scott Laughton Blake Geoffrion Chris Lawrence Mat Clark Nate Schmidt
Last Minutes Defensive
Center Left Wing Right Wing Defense Defense
Zack Smith Blake Geoffrion Chris Lawrence Sasha Pokulok Nate Schmidt
Goaltenders
Starting : Niklas Svedberg
Backup : Antti Raanta
Extra Forwards
Normal : Curtis Lazar, Nikita Alexeev, Scott Laughton - PP : Nicolas Kerdiles, Frederik Gauthier - PK : Scott Laughton
Extra Defensemen
Normal : T.J Brodie, Mattias Backman, Adam Almquist - PP : T.J Brodie - PK : Mattias Backman, Adam Almquist
Penalty Shots
Blake Geoffrion, Chris Lawrence, Scott Laughton, Nikita Alexeev, Zack Smith
Scratches
Connor Clifton (Healthy), Stanislav Galiev (Healthy), Mark MacMillan (Healthy), Tyler Graovac (Healthy), Troy Bourke (Healthy)
Alexandre Mallet (Healthy), Michael Schumacher (Healthy), Tristan Jarry (Healthy)
Patriotes
5 vs 5 Forward
Center Left Wing Right Wing Time % Phy DF OF
1 Evgeny Kuznetsov Jason Zucker Tyler Randell 40 1 2 2
2 Aleksander Barkov Justin Florek Emerson Etem 30 1 2 2
3 Christian Hanson Vince Hinostroza Borna Rendulic 20 1 2 2
4 Jared Knight Austin Watson Dale Weise 10 1 2 2
5 vs 5 Defense
Defense Defense Time % Phy DF OF
1 Anthony Bitetto Timothy Kunes 40 1 2 2
2 David Kolomatis Aaron Ness 30 1 2 2
3 Shea Theodore Dillon Heatherington 20 1 2 2
4 Anthony Bitetto Timothy Kunes 10 1 2 2
PowerPlay Forward
Center Left Wing Right Wing Time % Phy DF OF
1 Evgeny Kuznetsov Jason Zucker Tyler Randell 60 1 2 2
2 Aleksander Barkov Justin Florek Emerson Etem 40 1 2 2
PowerPlay Defense
Defense Defense Time % Phy DF OF
1 Anthony Bitetto Timothy Kunes 60 1 2 2
2 David Kolomatis Aaron Ness 40 1 2 2
Penalty Kill 4 Players Forward
Center Wing Time % Phy DF OF
1 Aleksander Barkov Tyler Randell 60 1 2 2
2 Evgeny Kuznetsov Jason Zucker 40 1 2 2
Penalty Kill 4 Players Defense
Defense Defense Time % Phy DF OF
1 Anthony Bitetto Timothy Kunes 60 1 2 2
2 David Kolomatis Aaron Ness 40 1 2 2
Penalty Kill - 3 Players Forward
Forward Time % Phy DF OF
1 Christian Hanson 60 1 2 2
2 Evgeny Kuznetsov 40 1 2 2
Penalty Kill - 3 Players Defense
Defense Defense Time % Phy DF OF
1 Anthony Bitetto Timothy Kunes 60 1 2 2
2 David Kolomatis Aaron Ness 40 1 2 2
4 vs 4 Forward
Center Wing Time % Phy DF OF
1 Aleksander Barkov Tyler Randell 60 1 2 2
2 Evgeny Kuznetsov Jason Zucker 40 1 2 2
4 vs 4 Defense
Defense Defense Time % Phy DF OF
1 Anthony Bitetto Timothy Kunes 60 1 2 2
2 David Kolomatis Aaron Ness 40 1 2 2
Last Minutes Offensive
Center Left Wing Right Wing Defense Defense
Christian Hanson Jason Zucker Tyler Randell Anthony Bitetto Timothy Kunes
Last Minutes Defensive
Center Left Wing Right Wing Defense Defense
Christian Hanson Jason Zucker Tyler Randell Anthony Bitetto Timothy Kunes
Goaltenders
Starting : Andrei Vasilevskiy
Backup : Thomas Greiss
Extra Forwards
Normal : Aleksander Barkov, Vince Hinostroza, Jared Knight - PP : Aleksander Barkov, Vince Hinostroza - PK : Jared Knight
Extra Defensemen
Normal : Shea Theodore, Dillon Heatherington, David Kolomatis - PP : Shea Theodore - PK : Dillon Heatherington, David Kolomatis
Penalty Shots
Jason Zucker, Tyler Randell, Christian Hanson, Evgeny Kuznetsov, Emerson Etem
Scratches
Robert Baillargeon (Healthy), Ryan Fitzgerald (Healthy), Maxim Mamin (Healthy), Mario Lucia (Healthy), Riley Barber (Healthy)
Phoenix Copley (Healthy)
% Time on Ice - Carnivores
Lines # - Real PCT - Wanted PCT - Time Play
Normal Forward
1 - 36% - 40% - 16:22
2 - 26% - 30% - 12:00
3 - 23% - 20% - 10:37
4 - 14% - 10% - 6:30
Normal Defense
1 - 40% - 40% - 18:05
2 - 29% - 30% - 13:20
3 - 19% - 20% - 8:46
4 - 12% - 10% - 5:18
PP Forward
1 - 54% - 60% - 2:15
2 - 46% - 40% - 1:55
PP Defense
1 - 72% - 60% - 2:59
2 - 28% - 40% - 1:11
PK Forward
1 - 73% - 60% - 7:36
2 - 27% - 40% - 2:45
PK Defense
1 - 62% - 60% - 6:26
2 - 38% - 40% - 3:55
PK3 Forward
1 - 0% - 60%
2 - 0% - 40%
PK3 Defense
1 - 0% - 60%
2 - 0% - 40%
44 Forward
1 - 0% - 60%
2 - 0% - 40%
44 Defense
1 - 0% - 60%
2 - 0% - 40%
Last Minute Offensive - 0:00
Last Minute Defensive - 0:00
Total
Forward - 60:00
Defense - 60:00
|
% Time on Ice - Patriotes
Lines # - Real PCT - Wanted PCT - Time Play
Normal Forward
1 - 35% - 40% - 15:52
2 - 25% - 30% - 11:30
3 - 24% - 20% - 10:56
4 - 16% - 10% - 7:11
Normal Defense
1 - 41% - 40% - 18:42
2 - 32% - 30% - 14:32
3 - 23% - 20% - 10:31
4 - 4% - 10% - 1:44
PP Forward
1 - 64% - 60% - 6:36
2 - 36% - 40% - 3:45
PP Defense
1 - 64% - 60% - 6:40
2 - 36% - 40% - 3:41
PK Forward
1 - 71% - 60% - 2:57
2 - 29% - 40% - 1:13
PK Defense
1 - 69% - 60% - 2:52
2 - 31% - 40% - 1:18
PK3 Forward
1 - 0% - 60%
2 - 0% - 40%
PK3 Defense
1 - 0% - 60%
2 - 0% - 40%
44 Forward
1 - 0% - 60%
2 - 0% - 40%
44 Defense
1 - 0% - 60%
2 - 0% - 40%
Last Minute Offensive - 0:00
Last Minute Defensive - 0:00
Total
Forward - 60:00
Defense - 60:00
|
Play by Play
1st period
0:01 of 1st period - Markus Granlund wins face-off versus Evgeny Kuznetsov in neutral zone.
0:10 of 1st period - Markus Granlund is hit by Jason Zucker and loses puck.
0:34 of 1st period - Snap shot by Emerson Etem.
0:34 of 1st period - Shot Blocked by T.J Brodie.
0:51 of 1st period - Wrist shot by Austin Watson.
0:51 of 1st period - Shot Blocked by Mark McNeill.
1:09 of 1st period - Aaron Ness is hit by Jeremy Williams and loses puck.
1:41 of 1st period - Wrist shot by Evgeny Kuznetsov.
1:41 of 1st period - Stopped by Niklas Svedberg with a rebound.
1:55 of 1st period - Slapshot by Justin Florek.
1:55 of 1st period - Stopped by Niklas Svedberg without a rebound.
1:56 of 1st period - Zack Smith wins face-off versus Aleksander Barkov in Carnivores zone.
2:03 of 1st period - Snap shot by Jeremy Welsh.
2:03 of 1st period - Shot Misses the Net.
2:57 of 1st period - Icing by Sasha Pokulok.
2:58 of 1st period - Jared Knight wins face-off versus Markus Granlund in Carnivores zone.
3:01 of 1st period - Wrist shot by Jason Zucker.
3:01 of 1st period - Stopped by Niklas Svedberg without a rebound.
3:02 of 1st period - Scott Laughton wins face-off versus Evgeny Kuznetsov in Carnivores zone.
3:07 of 1st period - Wrist shot by Scott Laughton.
3:07 of 1st period - Shot Misses the Net.
3:13 of 1st period - Snap shot by Jason Zucker.
3:13 of 1st period - Stopped by Niklas Svedberg with a rebound.
3:15 of 1st period - Backhand shot by Aaron Ness.
3:15 of 1st period - Stopped by Niklas Svedberg without a rebound.
3:16 of 1st period - Aleksander Barkov wins face-off versus Markus Granlund in Carnivores zone.
3:20 of 1st period - Minor Penalty to Markus Granlund for Interference.
3:21 of 1st period - Zack Smith wins face-off versus Evgeny Kuznetsov in Carnivores zone.
3:29 of 1st period - Zack Smith is hit by Timothy Kunes and loses puck.
4:09 of 1st period - Icing by Tyler Randell.
4:10 of 1st period - Mark McNeill wins face-off versus Evgeny Kuznetsov in Patriotes zone.
5:20 of 1st period - Penalty to Markus Granlund is over, Markus Granlund is back on ice.
5:31 of 1st period - Off-side.
5:32 of 1st period - Jared Knight wins face-off versus Markus Granlund in neutral zone.
5:43 of 1st period - Snap shot by Shea Theodore.
5:43 of 1st period - Shot Blocked by Chris Lawrence.
5:45 of 1st period - Slapshot by Dillon Heatherington.
5:45 of 1st period - Shot Misses the Net.
5:47 of 1st period - Slapshot by Jared Knight.
5:47 of 1st period - Goal by Jared Knight - Carnivores : 0 - Patriotes : 1.
5:48 of 1st period - Scott Laughton wins face-off versus Evgeny Kuznetsov in neutral zone.
6:03 of 1st period - Mat Clark is hit by Tyler Randell and loses puck.
6:14 of 1st period - Nicolas Kerdiles is hit by Timothy Kunes and loses puck.
7:19 of 1st period - Icing by Jeremy Williams.
7:20 of 1st period - Frederik Gauthier wins face-off versus Evgeny Kuznetsov in Carnivores zone.
7:36 of 1st period - Backhand shot by Jeremy Williams.
7:36 of 1st period - Stopped by Andrei Vasilevskiy with a rebound.
7:54 of 1st period - Jason Zucker is hit by Hunter Shinkaruk and loses puck.
8:05 of 1st period - Slapshot by T.J Brodie.
8:05 of 1st period - Shot Misses the Net.
8:07 of 1st period - Slapshot by Josh Manson.
8:07 of 1st period - Deflect By Hunter Shinkaruk.
8:07 of 1st period - Shot Blocked by Evgeny Kuznetsov.
8:07 of 1st period - Puck is out of play.
8:08 of 1st period - Aleksander Barkov wins face-off versus Markus Granlund in Patriotes zone.
8:08 of 1st period - Aleksander Barkov is hit by Mat Clark.
9:21 of 1st period - Slapshot by Emerson Etem.
9:21 of 1st period - Stopped by Niklas Svedberg with a rebound.
9:23 of 1st period - Slapshot by Dillon Heatherington.
9:23 of 1st period - Stopped by Niklas Svedberg without a rebound.
9:24 of 1st period - Markus Granlund wins face-off versus Evgeny Kuznetsov in Carnivores zone.
9:51 of 1st period - Slapshot by David Kolomatis.
9:51 of 1st period - Shot Misses the Net.
10:17 of 1st period - Wrist shot by Blake Geoffrion.
10:17 of 1st period - Shot Blocked by Vince Hinostroza.
10:37 of 1st period - Anthony Bitetto is hit by Jeremy Welsh and loses puck.
10:51 of 1st period - Nate Schmidt is hit by Jared Knight and loses puck.
11:46 of 1st period - David Kolomatis is hit by Chris Lawrence and loses puck.
12:26 of 1st period - Snap shot by Zack Smith.
12:26 of 1st period - Stopped by Andrei Vasilevskiy without a rebound.
12:27 of 1st period - Chris Lawrence wins face-off versus Jared Knight in Patriotes zone.
12:28 of 1st period - Backhand shot by Blake Geoffrion.
12:28 of 1st period - Deflect By Markus Granlund.
12:28 of 1st period - Shot Misses the Net.
12:28 of 1st period - Puck is out of play.
12:29 of 1st period - Markus Granlund wins face-off versus Evgeny Kuznetsov in Patriotes zone.
12:44 of 1st period - Snap shot by Jason Zucker.
12:44 of 1st period - Shot Misses the Net.
12:56 of 1st period - Snap shot by Chris Lawrence.
12:56 of 1st period - Stopped by Andrei Vasilevskiy with a rebound.
13:13 of 1st period - Snap shot by Christian Hanson.
13:13 of 1st period - Stopped by Niklas Svedberg with a rebound.
13:33 of 1st period - Nate Schmidt is hit by Aaron Ness and loses puck.
13:38 of 1st period - Snap shot by Jared Knight.
13:38 of 1st period - Shot Misses the Net.
13:40 of 1st period - Slapshot by Austin Watson.
13:40 of 1st period - Shot Misses the Net.
13:42 of 1st period - Slapshot by Dillon Heatherington.
13:42 of 1st period - Shot Blocked by Nate Schmidt.
13:58 of 1st period - Nate Schmidt is hit by Shea Theodore.
14:02 of 1st period - Wrist shot by Jeremy Welsh.
14:02 of 1st period - Goal by Jeremy Welsh - Carnivores : 1 - Patriotes : 1.
14:03 of 1st period - Evgeny Kuznetsov wins face-off versus Markus Granlund in neutral zone.
14:55 of 1st period - Slapshot by Vince Hinostroza.
14:55 of 1st period - Shot Blocked by T.J Brodie.
14:57 of 1st period - Snap shot by Christian Hanson.
14:57 of 1st period - Goal by Christian Hanson - Carnivores : 1 - Patriotes : 2.
14:58 of 1st period - Chris Lawrence wins face-off versus Jason Zucker in neutral zone.
15:15 of 1st period - Nate Schmidt is hit by Evgeny Kuznetsov and loses puck.
15:34 of 1st period - Snap shot by Nicolas Kerdiles.
15:34 of 1st period - Shot Misses the Net.
15:36 of 1st period - Slapshot by Josh Manson.
15:36 of 1st period - Shot Misses the Net.
15:38 of 1st period - Snap shot by Nicolas Kerdiles.
15:38 of 1st period - Deflect By Nikita Alexeev.
15:38 of 1st period - Shot Blocked by Aleksander Barkov.
15:38 of 1st period - Puck is out of play.
15:39 of 1st period - Zack Smith wins face-off versus Christian Hanson in Patriotes zone.
16:05 of 1st period - Timothy Kunes is hit by Markus Granlund and loses puck.
16:14 of 1st period - Snap shot by Evgeny Kuznetsov.
16:14 of 1st period - Shot Misses the Net.
16:36 of 1st period - Snap shot by Nikita Alexeev.
16:36 of 1st period - Shot Misses the Net.
17:31 of 1st period - Slapshot by Tyler Randell.
17:31 of 1st period - Shot Blocked by T.J Brodie.
17:33 of 1st period - Snap shot by Jason Zucker.
17:33 of 1st period - Stopped by Niklas Svedberg with a rebound.
17:35 of 1st period - Snap shot by Jason Zucker.
17:35 of 1st period - Stopped by Niklas Svedberg with a rebound.
17:45 of 1st period - Snap shot by Nikita Alexeev.
17:45 of 1st period - Stopped by Andrei Vasilevskiy with a rebound.
18:13 of 1st period - Snap shot by Hunter Shinkaruk.
18:13 of 1st period - Shot Misses the Net.
18:15 of 1st period - Wrist shot by Josh Manson.
18:15 of 1st period - Stopped by Andrei Vasilevskiy without a rebound.
18:16 of 1st period - Markus Granlund wins face-off versus Evgeny Kuznetsov in Patriotes zone.
Goals for this period are 1 for Carnivores vs 2 for Patriotes.
Shots for this period are 6 for Carnivores vs 12 for Patriotes.
2nd period
0:01 of 2nd period - Markus Granlund wins face-off versus Evgeny Kuznetsov in neutral zone.
0:12 of 2nd period - Wrist shot by Blake Geoffrion.
0:12 of 2nd period - Stopped by Andrei Vasilevskiy without a rebound.
0:13 of 2nd period - Evgeny Kuznetsov wins face-off versus Markus Granlund in Patriotes zone.
0:47 of 2nd period - Wrist shot by Aleksander Barkov.
0:47 of 2nd period - Stopped by Niklas Svedberg without a rebound.
0:48 of 2nd period - Nicolas Kerdiles wins face-off versus Aleksander Barkov in Carnivores zone.
0:50 of 2nd period - Minor Penalty to Adam Almquist for Hooking.
0:51 of 2nd period - Zack Smith wins face-off versus Tyler Randell in Carnivores zone.
1:05 of 2nd period - Wrist shot by Zack Smith.
1:05 of 2nd period - Stopped by Andrei Vasilevskiy without a rebound.
1:06 of 2nd period - Evgeny Kuznetsov wins face-off versus Zack Smith in Patriotes zone.
1:13 of 2nd period - Backhand shot by Anthony Bitetto.
1:13 of 2nd period - Shot Misses the Net.
1:15 of 2nd period - Slapshot by Anthony Bitetto.
1:15 of 2nd period - Goal by Anthony Bitetto - Carnivores : 1 - Patriotes : 3.
1:16 of 2nd period - Justin Florek wins face-off versus Markus Granlund in neutral zone.
1:21 of 2nd period - Snap shot by Chris Lawrence.
1:21 of 2nd period - Shot Blocked by Emerson Etem.
1:23 of 2nd period - Snap shot by Markus Granlund.
1:23 of 2nd period - Shot Misses the Net.
1:25 of 2nd period - Wrist shot by Markus Granlund.
1:25 of 2nd period - Shot Blocked by Timothy Kunes.
1:27 of 2nd period - Slapshot by Mat Clark.
1:27 of 2nd period - Deflect By Timothy Kunes.
1:27 of 2nd period - Stopped by Andrei Vasilevskiy with a rebound.
1:29 of 2nd period - Slapshot by Nate Schmidt.
1:29 of 2nd period - Shot Blocked by Anthony Bitetto.
1:31 of 2nd period - Wrist shot by Chris Lawrence.
1:31 of 2nd period - Goal by Chris Lawrence - Carnivores : 2 - Patriotes : 3.
1:32 of 2nd period - Markus Granlund wins face-off versus Evgeny Kuznetsov in neutral zone.
1:45 of 2nd period - Blake Geoffrion is hit by Timothy Kunes and loses puck.
2:41 of 2nd period - Slapshot by Nate Schmidt.
2:41 of 2nd period - Stopped by Andrei Vasilevskiy without a rebound.
2:42 of 2nd period - Jared Knight wins face-off versus Frederik Gauthier in Patriotes zone.
2:47 of 2nd period - Slapshot by Dale Weise.
2:47 of 2nd period - Deflect By Josh Manson.
2:47 of 2nd period - Stopped by Niklas Svedberg with a rebound.
2:49 of 2nd period - Slapshot by Dillon Heatherington.
2:49 of 2nd period - Shot Misses the Net.
4:19 of 2nd period - Slapshot by Timothy Kunes.
4:19 of 2nd period - Shot Blocked by Frederik Gauthier.
4:21 of 2nd period - Slapshot by Anthony Bitetto.
4:21 of 2nd period - Stopped by Niklas Svedberg with a rebound.
4:57 of 2nd period - Wrist shot by Nikita Alexeev.
4:57 of 2nd period - Stopped by Andrei Vasilevskiy without a rebound.
4:58 of 2nd period - Aleksander Barkov wins face-off versus Scott Laughton in Patriotes zone.
5:16 of 2nd period - Snap shot by Scott Laughton.
5:16 of 2nd period - Deflect By Nikita Alexeev.
5:16 of 2nd period - Shot Misses the Net.
5:16 of 2nd period - Puck is out of play.
5:17 of 2nd period - Evgeny Kuznetsov wins face-off versus Markus Granlund in Patriotes zone.
5:36 of 2nd period - Icing by Tyler Randell.
5:37 of 2nd period - Evgeny Kuznetsov wins face-off versus Scott Laughton in Patriotes zone.
5:44 of 2nd period - Backhand shot by Nikita Alexeev.
5:44 of 2nd period - Stopped by Andrei Vasilevskiy without a rebound.
5:45 of 2nd period - Scott Laughton wins face-off versus Emerson Etem in Patriotes zone.
5:46 of 2nd period - Snap shot by Nikita Alexeev.
5:46 of 2nd period - Shot Blocked by Anthony Bitetto.
6:14 of 2nd period - Off-side.
6:15 of 2nd period - Evgeny Kuznetsov wins face-off versus Markus Granlund in neutral zone.
6:36 of 2nd period - Minor Penalty to Tyler Randell for Holding.
6:37 of 2nd period - Scott Laughton wins face-off versus Aleksander Barkov in Patriotes zone.
6:48 of 2nd period - Wrist shot by Scott Laughton.
6:48 of 2nd period - Goal by Scott Laughton - Carnivores : 3 - Patriotes : 3.
6:49 of 2nd period - Evgeny Kuznetsov wins face-off versus Chris Lawrence in neutral zone.
7:18 of 2nd period - Off-side.
7:19 of 2nd period - Scott Laughton wins face-off versus Aleksander Barkov in neutral zone.
7:22 of 2nd period - Snap shot by Nikita Alexeev.
7:22 of 2nd period - Stopped by Andrei Vasilevskiy without a rebound.
7:23 of 2nd period - Scott Laughton wins face-off versus Evgeny Kuznetsov in Patriotes zone.
7:34 of 2nd period - Snap shot by Scott Laughton.
7:34 of 2nd period - Shot Misses the Net.
7:36 of 2nd period - Slapshot by Sasha Pokulok.
7:36 of 2nd period - Deflect By Scott Laughton.
7:36 of 2nd period - Shot Blocked by David Kolomatis.
7:36 of 2nd period - Puck is out of play.
7:37 of 2nd period - Aleksander Barkov wins face-off versus Markus Granlund in Patriotes zone.
8:19 of 2nd period - Double Minor Penalty to Nicolas Kerdiles for High sticking.
8:20 of 2nd period - Evgeny Kuznetsov wins face-off versus Zack Smith in Carnivores zone.
8:33 of 2nd period - Slapshot by Anthony Bitetto.
8:33 of 2nd period - Stopped by Niklas Svedberg without a rebound.
8:34 of 2nd period - Evgeny Kuznetsov wins face-off versus Mark McNeill in Carnivores zone.
8:35 of 2nd period - Wrist shot by Jason Zucker.
8:35 of 2nd period - Shot Hit the Post.
8:37 of 2nd period - Snap shot by Evgeny Kuznetsov.
8:37 of 2nd period - Shot Misses the Net.
8:39 of 2nd period - Snap shot by Evgeny Kuznetsov.
8:39 of 2nd period - Shot Blocked by Mat Clark.
8:41 of 2nd period - Snap shot by Jason Zucker.
8:41 of 2nd period - Stopped by Niklas Svedberg without a rebound.
8:42 of 2nd period - Zack Smith wins face-off versus Evgeny Kuznetsov in Carnivores zone.
9:50 of 2nd period - Wrist shot by Tyler Randell.
9:50 of 2nd period - Stopped by Niklas Svedberg without a rebound.
9:51 of 2nd period - Aleksander Barkov wins face-off versus Zack Smith in Carnivores zone.
12:19 of 2nd period - Penalty to Nicolas Kerdiles is over, Nicolas Kerdiles is back on ice.
12:27 of 2nd period - Slapshot by Blake Geoffrion.
12:27 of 2nd period - Shot Misses the Net.
12:29 of 2nd period - Wrist shot by Markus Granlund.
12:29 of 2nd period - Stopped by Andrei Vasilevskiy with a rebound.
13:04 of 2nd period - Icing by Frederik Gauthier.
13:05 of 2nd period - Frederik Gauthier wins face-off versus Christian Hanson in Carnivores zone.
14:49 of 2nd period - Snap shot by Nikita Alexeev.
14:49 of 2nd period - Stopped by Andrei Vasilevskiy without a rebound.
14:50 of 2nd period - Aleksander Barkov wins face-off versus Markus Granlund in Patriotes zone.
14:57 of 2nd period - Blake Geoffrion is hit by Aaron Ness and loses puck.
15:21 of 2nd period - Aaron Ness is hit by Scott Laughton and loses puck.
15:45 of 2nd period - Minor Penalty to Mark McNeill for Hooking.
15:46 of 2nd period - Zack Smith wins face-off versus Evgeny Kuznetsov in Carnivores zone.
16:02 of 2nd period - Evgeny Kuznetsov is hit by Nate Schmidt and loses puck.
16:15 of 2nd period - Mat Clark is hit by Emerson Etem and loses puck.
17:40 of 2nd period - Hunter Shinkaruk is hit by Borna Rendulic and loses puck.
17:45 of 2nd period - Penalty to Mark McNeill is over, Mark McNeill is back on ice.
17:47 of 2nd period - Snap shot by Vince Hinostroza.
17:47 of 2nd period - Shot Misses the Net.
17:49 of 2nd period - Snap shot by Borna Rendulic.
17:49 of 2nd period - Stopped by Niklas Svedberg without a rebound.
17:50 of 2nd period - Borna Rendulic wins face-off versus Markus Granlund in Carnivores zone.
18:22 of 2nd period - Snap shot by Jared Knight.
18:22 of 2nd period - Shot Misses the Net.
18:53 of 2nd period - Mat Clark is hit by Christian Hanson and loses puck.
19:35 of 2nd period - Austin Watson is hit by Sasha Pokulok and loses puck.
Goals for this period are 2 for Carnivores vs 1 for Patriotes.
Shots for this period are 11 for Carnivores vs 8 for Patriotes.
3rd period
0:01 of 3rd period - Tyler Randell wins face-off versus Blake Geoffrion in neutral zone.
0:27 of 3rd period - Nate Schmidt is hit by Aleksander Barkov and loses puck.
0:48 of 3rd period - Wrist shot by Jeremy Williams.
0:48 of 3rd period - Stopped by Andrei Vasilevskiy without a rebound.
0:49 of 3rd period - Frederik Gauthier wins face-off versus Evgeny Kuznetsov in Patriotes zone.
0:50 of 3rd period - Snap shot by Jeremy Williams.
0:50 of 3rd period - Stopped by Andrei Vasilevskiy with a rebound.
0:59 of 3rd period - Minor Penalty to Timothy Kunes for Goalie Interference.
1:00 of 3rd period - Scott Laughton wins face-off versus Aleksander Barkov in Patriotes zone.
1:35 of 3rd period - Wrist shot by Nikita Alexeev.
1:35 of 3rd period - Shot Misses the Net.
1:53 of 3rd period - Wrist shot by Evgeny Kuznetsov.
1:53 of 3rd period - Goal by Evgeny Kuznetsov - Carnivores : 3 - Patriotes : 4.
1:54 of 3rd period - Aleksander Barkov wins face-off versus Scott Laughton in neutral zone.
2:17 of 3rd period - Dillon Heatherington is hit by Josh Manson.
2:21 of 3rd period - Dillon Heatherington is hit by Markus Granlund and loses puck.
2:28 of 3rd period - Slapshot by Nikita Alexeev.
2:28 of 3rd period - Stopped by Andrei Vasilevskiy without a rebound.
2:29 of 3rd period - Scott Laughton wins face-off versus Aleksander Barkov in Patriotes zone.
2:34 of 3rd period - Slapshot by Blake Geoffrion.
2:34 of 3rd period - Shot Misses the Net.
2:36 of 3rd period - Snap shot by Scott Laughton.
2:36 of 3rd period - Shot Hit the Post.
2:38 of 3rd period - Slapshot by Chris Lawrence.
2:38 of 3rd period - Shot Misses the Net.
2:52 of 3rd period - Snap shot by Nikita Alexeev.
2:52 of 3rd period - Stopped by Andrei Vasilevskiy without a rebound.
2:53 of 3rd period - Evgeny Kuznetsov wins face-off versus Markus Granlund in Patriotes zone.
2:59 of 3rd period - Penalty to Timothy Kunes is over, Timothy Kunes is back on ice.
3:04 of 3rd period - Wrist shot by Mat Clark.
3:04 of 3rd period - Deflect By Nikita Alexeev.
3:04 of 3rd period - Shot Misses the Net.
3:04 of 3rd period - Puck is out of play.
3:05 of 3rd period - Chris Lawrence wins face-off versus Christian Hanson in Patriotes zone.
3:11 of 3rd period - Minor Penalty to Timothy Kunes for Slashing.
3:12 of 3rd period - Aleksander Barkov wins face-off versus Scott Laughton in Patriotes zone.
3:48 of 3rd period - Slapshot by Mat Clark.
3:48 of 3rd period - Stopped by Andrei Vasilevskiy without a rebound.
3:49 of 3rd period - Scott Laughton wins face-off versus Evgeny Kuznetsov in Patriotes zone.
3:50 of 3rd period - Slapshot by Chris Lawrence.
3:50 of 3rd period - Stopped by Andrei Vasilevskiy with a rebound.
3:52 of 3rd period - Slapshot by T.J Brodie.
3:52 of 3rd period - Stopped by Andrei Vasilevskiy with a rebound.
3:54 of 3rd period - Wrist shot by Blake Geoffrion.
3:54 of 3rd period - Shot Misses the Net.
3:56 of 3rd period - Slapshot by Chris Lawrence.
3:56 of 3rd period - Shot Misses the Net.
3:58 of 3rd period - Wrist shot by Scott Laughton.
3:58 of 3rd period - Shot Misses the Net.
4:00 of 3rd period - Snap shot by Scott Laughton.
4:00 of 3rd period - Shot Blocked by Aaron Ness.
4:20 of 3rd period - Snap shot by Markus Granlund.
4:20 of 3rd period - Shot Misses the Net.
4:22 of 3rd period - Snap shot by Nikita Alexeev.
4:22 of 3rd period - Shot Blocked by Aaron Ness.
5:11 of 3rd period - Penalty to Timothy Kunes is over, Timothy Kunes is back on ice.
5:30 of 3rd period - Slapshot by Jeremy Williams.
5:30 of 3rd period - Shot Blocked by Timothy Kunes.
5:32 of 3rd period - Snap shot by Jeremy Williams.
5:32 of 3rd period - Stopped by Andrei Vasilevskiy without a rebound.
5:33 of 3rd period - Christian Hanson wins face-off versus Frederik Gauthier in Patriotes zone.
6:17 of 3rd period - Slapshot by Sasha Pokulok.
6:17 of 3rd period - Stopped by Andrei Vasilevskiy without a rebound.
6:18 of 3rd period - Jared Knight wins face-off versus Scott Laughton in Patriotes zone.
6:18 of 3rd period - Jared Knight is hit by Mat Clark.
6:39 of 3rd period - Minor Penalty to Nate Schmidt for Interference.
6:40 of 3rd period - Evgeny Kuznetsov wins face-off versus Zack Smith in Carnivores zone.
6:48 of 3rd period - Wrist shot by Tyler Randell.
6:48 of 3rd period - Stopped by Niklas Svedberg without a rebound.
6:49 of 3rd period - Evgeny Kuznetsov wins face-off versus Zack Smith in Carnivores zone.
6:50 of 3rd period - Wrist shot by Jason Zucker.
6:50 of 3rd period - Stopped by Niklas Svedberg with a rebound.
6:52 of 3rd period - Slapshot by Timothy Kunes.
6:52 of 3rd period - Stopped by Niklas Svedberg without a rebound.
6:53 of 3rd period - Zack Smith wins face-off versus Evgeny Kuznetsov in Carnivores zone.
7:31 of 3rd period - Slapshot by Mat Clark.
7:31 of 3rd period - Stopped by Andrei Vasilevskiy with a rebound.
8:39 of 3rd period - Penalty to Nate Schmidt is over, Nate Schmidt is back on ice.
9:09 of 3rd period - Wrist shot by Chris Lawrence.
9:09 of 3rd period - Stopped by Andrei Vasilevskiy with a rebound.
9:13 of 3rd period - Slapshot by Chris Lawrence.
9:13 of 3rd period - Stopped by Andrei Vasilevskiy without a rebound.
9:14 of 3rd period - Christian Hanson wins face-off versus Markus Granlund in Patriotes zone.
10:07 of 3rd period - Wrist shot by Evgeny Kuznetsov.
10:07 of 3rd period - Stopped by Niklas Svedberg without a rebound.
10:08 of 3rd period - Scott Laughton wins face-off versus Evgeny Kuznetsov in Carnivores zone.
10:35 of 3rd period - Chris Lawrence is hit by Justin Florek and loses puck.
11:12 of 3rd period - Slapshot by Jason Zucker.
11:12 of 3rd period - Stopped by Niklas Svedberg without a rebound.
11:13 of 3rd period - Evgeny Kuznetsov wins face-off versus Frederik Gauthier in Carnivores zone.
11:40 of 3rd period - Justin Florek is hit by Josh Manson.
12:00 of 3rd period - Slapshot by Nicolas Kerdiles.
12:00 of 3rd period - Stopped by Andrei Vasilevskiy with a rebound.
12:06 of 3rd period - Backhand shot by Nikita Alexeev.
12:06 of 3rd period - Shot Blocked by Vince Hinostroza.
12:08 of 3rd period - Slapshot by T.J Brodie.
12:08 of 3rd period - Shot Misses the Net.
12:18 of 3rd period - Wrist shot by Evgeny Kuznetsov.
12:18 of 3rd period - Shot Blocked by Sasha Pokulok.
12:55 of 3rd period - Wrist shot by Nikita Alexeev.
12:55 of 3rd period - Goal by Nikita Alexeev - Carnivores : 4 - Patriotes : 4.
12:56 of 3rd period - Evgeny Kuznetsov wins face-off versus Markus Granlund in neutral zone.
13:05 of 3rd period - Mat Clark is hit by Timothy Kunes and loses puck.
13:46 of 3rd period - Slapshot by Timothy Kunes.
13:46 of 3rd period - Shot Misses the Net.
14:14 of 3rd period - Wrist shot by Evgeny Kuznetsov.
14:14 of 3rd period - Stopped by Niklas Svedberg without a rebound.
14:15 of 3rd period - Markus Granlund wins face-off versus Evgeny Kuznetsov in Carnivores zone.
14:22 of 3rd period - Snap shot by Jason Zucker.
14:22 of 3rd period - Shot Blocked by Mattias Backman.
14:26 of 3rd period - Snap shot by Tyler Randell.
14:26 of 3rd period - Stopped by Niklas Svedberg with a rebound.
14:40 of 3rd period - Nikita Alexeev is hit by Emerson Etem and loses puck.
14:49 of 3rd period - Snap shot by Emerson Etem.
14:49 of 3rd period - Goal by Emerson Etem - Carnivores : 4 - Patriotes : 5.
14:50 of 3rd period - Markus Granlund wins face-off versus Evgeny Kuznetsov in neutral zone.
14:50 of 3rd period - Markus Granlund is hit by Evgeny Kuznetsov.
15:51 of 3rd period - Slapshot by Aleksander Barkov.
15:51 of 3rd period - Stopped by Niklas Svedberg without a rebound.
15:52 of 3rd period - Zack Smith wins face-off versus Evgeny Kuznetsov in Carnivores zone.
16:01 of 3rd period - Wrist shot by Jason Zucker.
16:01 of 3rd period - Stopped by Niklas Svedberg without a rebound.
16:02 of 3rd period - Zack Smith wins face-off versus Evgeny Kuznetsov in Carnivores zone.
16:22 of 3rd period - Off-side.
16:23 of 3rd period - Markus Granlund wins face-off versus Christian Hanson in neutral zone.
16:28 of 3rd period - Wrist shot by Chris Lawrence.
16:28 of 3rd period - Shot Blocked by Christian Hanson.
16:34 of 3rd period - Slapshot by Timothy Kunes.
16:34 of 3rd period - Stopped by Niklas Svedberg without a rebound.
16:35 of 3rd period - Zack Smith wins face-off versus Christian Hanson in Carnivores zone.
16:46 of 3rd period - Slapshot by Timothy Kunes.
16:46 of 3rd period - Stopped by Niklas Svedberg without a rebound.
16:47 of 3rd period - Mark McNeill wins face-off versus Christian Hanson in Carnivores zone.
16:47 of 3rd period - Mark McNeill is hit by Vince Hinostroza.
16:53 of 3rd period - Slapshot by Zack Smith.
16:53 of 3rd period - Shot Misses the Net.
16:59 of 3rd period - Jeremy Welsh is hit by Vince Hinostroza and loses puck.
17:14 of 3rd period - Tyler Randell is hit by Blake Geoffrion and loses puck.
17:21 of 3rd period - Wrist shot by Chris Lawrence.
17:21 of 3rd period - Stopped by Andrei Vasilevskiy with a rebound.
17:23 of 3rd period - Snap shot by Josh Manson.
17:23 of 3rd period - Shot Blocked by Timothy Kunes.
17:25 of 3rd period - Snap shot by T.J Brodie.
17:25 of 3rd period - Stopped by Andrei Vasilevskiy with a rebound.
17:43 of 3rd period - Emerson Etem is hit by T.J Brodie and loses puck.
17:58 of 3rd period - Snap shot by Jared Knight.
17:58 of 3rd period - Shot Misses the Net.
18:00 of 3rd period - Slapshot by Dale Weise.
18:00 of 3rd period - Stopped by Niklas Svedberg without a rebound.
18:01 of 3rd period - Jared Knight wins face-off versus Zack Smith in Carnivores zone.
18:26 of 3rd period - Borna Rendulic is hit by Markus Granlund and loses puck.
18:29 of 3rd period - Carnivores, Niklas Svedberg is pulled from the net.
18:33 of 3rd period - Backhand shot by Blake Geoffrion.
18:33 of 3rd period - Stopped by Andrei Vasilevskiy without a rebound.
18:34 of 3rd period - Christian Hanson wins face-off versus Zack Smith in Patriotes zone.
18:43 of 3rd period - Snap shot by Christian Hanson.
18:43 of 3rd period - Goal by Christian Hanson - Carnivores : 4 - Patriotes : 6.
18:43 of 3rd period - Niklas Svedberg from Carnivores was sent back in the game.
18:44 of 3rd period - Zack Smith wins face-off versus Christian Hanson in neutral zone.
18:53 of 3rd period - Wrist shot by Zack Smith.
18:53 of 3rd period - Stopped by Andrei Vasilevskiy with a rebound.
18:55 of 3rd period - Slapshot by Mat Clark.
18:55 of 3rd period - Shot Misses the Net.
18:57 of 3rd period - Slapshot by Mat Clark.
18:57 of 3rd period - Shot Blocked by Christian Hanson.
18:59 of 3rd period - Backhand shot by Jeremy Welsh.
18:59 of 3rd period - Stopped by Andrei Vasilevskiy with a rebound.
19:09 of 3rd period - Borna Rendulic is hit by Nate Schmidt.
19:21 of 3rd period - Wrist shot by Christian Hanson.
19:21 of 3rd period - Stopped by Niklas Svedberg with a rebound.
19:28 of 3rd period - Slapshot by David Kolomatis.
19:28 of 3rd period - Shot Blocked by Chris Lawrence.
19:32 of 3rd period - Backhand shot by Vince Hinostroza.
19:32 of 3rd period - Shot Misses the Net.
19:34 of 3rd period - Snap shot by Dillon Heatherington.
19:34 of 3rd period - Shot Blocked by Mat Clark.
19:36 of 3rd period - Snap shot by Borna Rendulic.
19:36 of 3rd period - Stopped by Niklas Svedberg with a rebound.
Goals for this period are 1 for Carnivores vs 3 for Patriotes.
Shots for this period are 19 for Carnivores vs 17 for Patriotes.
Back to the Top